 Dungeon Crawl Stone Soup version 0.25-a0-425-g0e000e855e (webtiles) character file.

Game seed: 9504360226240802141, levelgen mode: deterministic

35 Elellon the Conjurer (level 3, -1/19 HPs)
             Began as a Deep Elf Conjurer on Jan 24, 2020.
             Slain by Sigmund
             ... wielding a +0 scythe
              (8 damage)
             ... on level 2 of the Dungeon.
             The game lasted 00:01:56 (1910 turns).

Elellon the Conjurer (Deep Elf Conjurer)            Turns: 1910, Time: 00:01:56

Health: -1/19      AC:  2    Str:  6    XL:     3   Next: 17%
Magic:  8/10       EV: 13    Int: 19    God:
Gold:   107        SH:  0    Dex: 15    Spells: 9/10 levels left

rFire    + . .     SeeInvis .   (no weapon)
rCold    + . .     Gourm    .   (no shield)
rNeg     . . .     Faith    .   a - +0 robe
rPois    .         Spirit   .   (no helmet)
rElec    .         Reflect  .   n - scarf {rC+ rF+}
rCorr    .         Harm     .   (no gloves)
MR       .....                  (no boots)
Stlth    +.........             (no amulet)
HPRegen  0.06/turn              (no ring)
MPRegen  0.12/turn              (no ring)

@: confused
A: no striking features
a: no special abilities


You were on level 2 of the Dungeon.
You were not hungry.

You visited 1 branch of the dungeon, and saw 2 of its levels.

You collected 107 gold pieces.

Inventory:

Armour
 a - a +0 robe (worn)
 n - a scarf of resistance (worn)
Scrolls
 b - 3 scrolls of identify {unknown}
 j - a scroll of enchant armour {unknown}
 k - 2 scrolls of teleportation {unknown}
 m - a scroll of amnesia {unknown}
Potions
 d - 2 potions of invisibility {unknown}
 e - a potion of agility {unknown}
 f - a potion of flight {unknown}
 g - 2 potions of resistance {unknown}
 h - a potion of mutation {unknown}
 i - a potion of lignification {unknown}
Comestibles
 c - 6 rations


   Skills:
 - Level 2.4 Dodging
 - Level 2.4 Stealth
 + Level 4.1 Spellcasting
 + Level 5.0 Conjurations


You had 9 spell levels left.
You knew the following spells:

 Your Spells              Type           Power        Failure   Level  Hunger
a - Magic Dart            Conj           ###.         1%          1    None

Your spell library contained the following spells:

 Spells                   Type           Power        Failure   Level  Hunger
 Searing Ray              Conj           ###...       2%          2    ##.....
 Dazzling Flash           Conj/Hex       ##....       14%         3    ###....
 Fulminant Prism          Conj/Hex       ##........   43%         4    ####...
 Iskenderun's Mystic Bla  Conj/Tloc      ##......     43%         4    ####...


Dungeon Overview and Level Annotations

Branches:
Dungeon (2/15)

Altars:
Dithmenos
Uskayaw
The Shining One

Annotations:
D:2 Sigmund


Message History

Casting: Magic Dart (safe; 1% risk of failure)
Confirm with . or Enter, or press ? or * to list all spells.
Aiming: Magic Dart (safe; 1% risk of failure)
Press: ? - help, Shift-Dir - straight line, f/p - Sigmund
Aim: Sigmund, wielding a +0 scythe and wearing a +0 robe (moderately wounded)
The magic dart hits Sigmund but does no damage.
Sigmund is moderately wounded.
Sigmund closely misses you. Sigmund gestures at you while chanting.
The magic dart hits you!
Sigmund whispers, "You'll know eternity soon."
Sigmund points at you and mumbles some strange words.
The puff of flame hits you. You resist.
You see here a frilled lizard skeleton.
Sigmund points at you and mumbles some strange words.
You are confused.
You bump into the rock wall.
You bump into the rock wall.
Sigmund hits you from afar with a +0 scythe!
You die...

#.####### #...##### #####
#.......###...### # ######...#
#.#####.##..#...... .......#.###
#.##.......###.####
#.##...#...####.#.........#..####
..##.#####......#..#...##...##...
####...#.<.####........##.#.##.##
####.#.#.### ##...#...........##
.....#...# #@.@.รท............
########## #.......##..####..
#...........# #.# #####.#####.#
#.# # ##.#####.####.#
##.#...##.....##..
#...<..##.....##.#
##.#...##.....##..
#.######.....##.#


You could see Sigmund.

Vanquished Creatures
  An ooze (D:1)
  A leopard gecko (D:2)
  6 bats (D:1)
  A giant cockroach (D:2)
  3 goblins
  6 hobgoblins (D:1)
  3 kobolds (D:1)
  A ball python (D:1)
  A frilled lizard (D:2)
  4 rats
27 creatures vanquished.

Notes
Turn   | Place    | Note
-------+----------+-------------------------------------------
     0 | D:1      | Elellon the Deep Elf Conjurer began the quest for the Orb.
     0 | D:1      | Reached XP level 1. HP: 10/10 MP: 6/6
   150 | D:1      | Reached XP level 2. HP: 15/15 MP: 3/8
  1059 | D:1      | Reached skill level 5 in Conjurations
  1059 | D:1      | Reached XP level 3. HP: 19/19 MP: 7/10
  1494 | D:2      | Found a hide-covered altar of Uskayaw.
  1494 | D:2      | Found a glowing golden altar of the Shining One.
  1496 | D:2      | Found a shadowy altar of Dithmenos.
  1884 | D:2      | Noticed Sigmund
  1910 | D:2      | Slain by Sigmund

Levels and vault maps discovered:
D:1:      dpeg_arrival_rhombus, layout_basic
D:2:      layout_loops_cross, gammafunk_temple_overflow_claw, uniq_sigmund

Skill      XL: |  1  2 |
---------------+-------+-----
Spellcasting   | 4 |  4.1
Conjurations   | 5 |  5.0
Dodging        | |  2.4
Stealth        | |  2.4

Action                   || total
-------------------------++-------
 Cast: Magic Dart        ||    58
  Eat: Chunk             ||     3
Dodge: Dodged            ||     6

Table legend:
 A = Non-vault XP
 B = Vault XP
 C = Vault XP percentage of total XP
 D = Non-vault monster count
 E = Vault monster count
 F = Vault count percentage of total count
                 A         B        C        D         E       F
            +---------+---------+-------+---------+---------+-------
      Total |      51 |       0 |   0.0 |      27 |       0 |   0.0
            +---------+---------+-------+---------+---------+-------
        D:1 |      41 |       0 |   0.0 |      21 |       0 |   0.0
        D:2 |      10 |       0 |   0.0 |       6 |       0 |   0.0
            +---------+---------+-------+---------+---------+-------
